TOP OF THE 1ST |
Athletic Club KC Academy batting - Pitching for San Bernardino Grasshoppers : RHP Edo Culley
|
Pitching: RHP Edo Culley
|
|
Batting: LHB Jason Ward
|
0-0: Swinging Strike 0-1: Ball 1-1: Ball 2-1: Ball 3-1: Base on Balls
|
Batting: RHB Travis Murphy
|
0-0: Ball 1-0: Called Strike Jason Ward steals 2nd base 1-1: Ground out 4-3 (Groundball, 4) Jason Ward to third
|
Batting: RHB John Ricks
|
0-0: Ball 1-0: Ball 2-0: Foul Ball, location: 2F 2-1: Fly out, F7 (Flyball, 78S) Runner from 3rd tags up, SCORES, no throw
|
Batting: RHB Jihan Tuah
|
0-0: Foul Ball, location: 2F 0-1: Called Strike 0-2: Strikes out swinging
|
Top of the 1st over - 1 run, 0 hits, 0 errors, 0 left on base; Athletic Club KC Academy 1 - San Bernardino 0 |
BOTTOM OF THE 1ST |
San Bernardino Grasshoppers batting - Pitching for Athletic Club KC Academy : LHP Ben Walker
|
Pitching: LHP Ben Walker
|
|
Batting: RHB John Clark
|
0-0: Ball 1-0: Called Strike 1-1: SINGLE (Groundball, 4M) (infield hit)
|
Batting: RHB Louie Trimboli
|
0-0: Called Strike 0-1: Ball 1-1: Ball 2-1: Grounds into double play, 1-6-3 (Groundball, 13S)
|
Batting: RHB Reinaart Manshert
|
0-0: Called Strike 0-1: Fly out, F7 (Flyball, 7S)
|
Bottom of the 1st over - 0 runs, 1 hit, 0 errors, 0 left on base; Athletic Club KC Academy 1 - San Bernardino 0 |
TOP OF THE 2ND |
Athletic Club KC Academy batting - Pitching for San Bernardino Grasshoppers : RHP Edo Culley
|
Batting: RHB Jon Hall
|
0-0: Called Strike 0-1: Ball 1-1: Ball 2-1: SINGLE (Line Drive, 8LS)
|
Batting: RHB Wilton Banks
|
0-0: Swinging Strike 0-1: Ball 1-1: Ball 2-1: Ground out 5-3 (Groundball, 56S) Jon Hall to second
|
Batting: RHB David Lozano
|
0-0: Ball 1-0: Foul Ball, location: 2F 1-1: Ground out 6-3 (Groundball, 6)
|
Batting: RHB Mario Truxillo
|
0-0: Fly out, F7 (Flyball, 78D)
|
Top of the 2nd over - 0 runs, 1 hit, 0 errors, 1 left on base; Athletic Club KC Academy 1 - San Bernardino 0 |
BOTTOM OF THE 2ND |
San Bernardino Grasshoppers batting - Pitching for Athletic Club KC Academy : LHP Ben Walker
|
Batting: RHB Apu Nahasapeemapetilon
|
0-0: Ball 1-0: Swinging Strike 1-1: Ball 2-1: SINGLE (Groundball, 56D)
|
Batting: LHB Travis Towns
|
0-0: Swinging Strike 0-1: Ground out 6-3 (Groundball, 6MS) Apu Nahasapeemapetilon to second
|
Batting: RHB Howard Lee
|
0-0: Foul Ball, location: 2F 0-1: Foul Ball, location: 2F 0-2: Ground out 6-3 (Groundball, 6)
|
Batting: LHB Jesús Hernández
|
0-0: Ball 1-0: Ball 2-0: Foul Ball, location: 2F 2-1: Ground out 4-3 (Groundball, 4)
|
Bottom of the 2nd over - 0 runs, 1 hit, 0 errors, 1 left on base; Athletic Club KC Academy 1 - San Bernardino 0 |
TOP OF THE 3RD |
Athletic Club KC Academy batting - Pitching for San Bernardino Grasshoppers : RHP Edo Culley
|
Batting: RHB Ted Hansen
|
0-0: Called Strike 0-1: Swinging Strike 0-2: Ball 1-2: Foul Ball, location: 2F 1-2: SINGLE (Groundball, 6S) (infield hit)
|
Batting: LHB Jason Ward
|
0-0: Ball 1-0: Ball 2-0: Called Strike 2-1: Foul Ball, location: 2F 2-2: Strikes out looking
|
Batting: RHB Travis Murphy
|
0-0: Ball 1-0: Called Strike 1-1: Ball 2-1: Swinging Strike 2-2: Ball 3-2: Strikes out looking
|
Batting: RHB John Ricks
|
0-0: Called Strike 0-1: Ball 1-1: Foul Ball, location: 2F 1-2: Fly out, F7 (Flyball, 78S)
|
Top of the 3rd over - 0 runs, 1 hit, 0 errors, 1 left on base; Athletic Club KC Academy 1 - San Bernardino 0 |
BOTTOM OF THE 3RD |
San Bernardino Grasshoppers batting - Pitching for Athletic Club KC Academy : LHP Ben Walker
|
Batting: LHB Weston Doyle
|
0-0: Called Strike 0-1: Ball 1-1: Foul Ball, location: 2F 1-2: Strikes out swinging
|
Batting: RHB Andy Alderliesten
|
0-0: Ball 1-0: Swinging Strike 1-1: Foul Ball, location: 2F 1-2: Ball 2-2: Strikes out swinging
|
Batting: RHB John Clark
|
0-0: Ball 1-0: Ground out 1-3 (Groundball, 13)
|
Bottom of the 3rd over - 0 runs, 0 hits, 0 errors, 0 left on base; Athletic Club KC Academy 1 - San Bernardino 0 |
TOP OF THE 4TH |
Athletic Club KC Academy batting - Pitching for San Bernardino Grasshoppers : RHP Edo Culley
|
Batting: RHB Jihan Tuah
|
0-0: Ground out 5-3 (Groundball, 56)
|
Batting: RHB Jon Hall
|
0-0: Ball 1-0: Swinging Strike 1-1: Ball 2-1: Fly out, F9 (Flyball, 9D)
|
Batting: RHB Wilton Banks
|
0-0: Ball 1-0: Foul Ball, location: 2F 1-1: Ball 2-1: Foul Ball, location: 2F 2-2: Fly out, F8 (Flyball, 8RM)
|
Top of the 4th over - 0 runs, 0 hits, 0 errors, 0 left on base; Athletic Club KC Academy 1 - San Bernardino 0 |
BOTTOM OF THE 4TH |
San Bernardino Grasshoppers batting - Pitching for Athletic Club KC Academy : LHP Ben Walker
|
Batting: RHB Louie Trimboli
|
0-0: Ball 1-0: Foul Ball, location: 2F 1-1: Ball 2-1: Swinging Strike 2-2: Foul Ball, location: 2F 2-2: Strikes out swinging
|
Batting: RHB Reinaart Manshert
|
0-0: Swinging Strike 0-1: Foul Ball, location: 2F 0-2: Ground out 6-3 (Groundball, 6)
|
Batting: RHB Apu Nahasapeemapetilon
|
0-0: Ball 1-0: Ball 2-0: Called Strike 2-1: Swinging Strike 2-2: Ball 3-2: Base on Balls
|
Batting: LHB Travis Towns
|
0-0: Ball 1-0: 2-RUN HOME RUN (Flyball, 7LD), Distance : 356 ft
|
Batting: RHB Howard Lee
|
0-0: Called Strike 0-1: Foul Ball, location: 2F 0-2: Foul Ball, location: 2F 0-2: SINGLE (Groundball, 34D)
|
Batting: LHB Jesús Hernández
|
0-0: Ball 1-0: Called Strike 1-1: Ball 2-1: Ball 3-1: Base on Balls Howard Lee to second
|
Batting: LHB Weston Doyle
|
0-0: Ball 1-0: Fly out, F8 (Flyball, 8RXD)
|
Bottom of the 4th over - 2 runs, 2 hits, 0 errors, 2 left on base; Athletic Club KC Academy 1 - San Bernardino 2 |
TOP OF THE 5TH |
Athletic Club KC Academy batting - Pitching for San Bernardino Grasshoppers : RHP Edo Culley
|
Batting: RHB David Lozano
|
0-0: Fly out, F9 (Flyball, 89S)
|
Batting: RHB Mario Truxillo
|
0-0: SINGLE (Groundball, 6) (infield hit)
|
Batting: RHB Ted Hansen
|
0-0: Ball 1-0: Foul Ball, location: 2F 1-1: Ball 2-1: Called Strike 2-2: Fly out, F4 (Line Drive, 4)
|
Batting: LHB Jason Ward
|
0-0: Foul Ball, location: 2F 0-1: SINGLE (Groundball, 6S) (infield hit) Mario Truxillo to second
|
Batting: RHB Travis Murphy
|
0-0: Called Strike 0-1: Ball 1-1: Swinging Strike 1-2: Ball 2-2: Ball 3-2: Base on Balls Mario Truxillo to third Jason Ward to second
|
Batting: RHB John Ricks
|
0-0: Ball 1-0: Fielders Choice at 2nd, 5-4 (Groundball, 5)
|
Top of the 5th over - 0 runs, 2 hits, 0 errors, 3 left on base; Athletic Club KC Academy 1 - San Bernardino 2 |
BOTTOM OF THE 5TH |
San Bernardino Grasshoppers batting - Pitching for Athletic Club KC Academy : LHP Ben Walker
|
Batting: RHB Andy Alderliesten
|
0-0: Called Strike 0-1: Ball 1-1: Ground out 3-1 (Groundball, 34S)
|
Batting: RHB John Clark
|
0-0: Called Strike 0-1: Foul Ball, location: 2F 0-2: Ball 1-2: Ball 2-2: Ground out 5-3 (Groundball, 5S)
|
Batting: RHB Louie Trimboli
|
0-0: Ground out 5-3 (Groundball, 56S)
|
Bottom of the 5th over - 0 runs, 0 hits, 0 errors, 0 left on base; Athletic Club KC Academy 1 - San Bernardino 2 |
TOP OF THE 6TH |
Athletic Club KC Academy batting - Pitching for San Bernardino Grasshoppers : RHP Edo Culley
|
Batting: RHB Jihan Tuah
|
0-0: Ball 1-0: Ground out 6-3 (Groundball, 6)
|
Batting: RHB Jon Hall
|
0-0: Swinging Strike 0-1: Ball 1-1: Foul Ball, location: 2F 1-2: Foul Ball, location: 2F 1-2: Foul Ball, location: 2F 1-2: Fly out, F8 (Flyball, 78D)
|
Batting: RHB Wilton Banks
|
0-0: Swinging Strike 0-1: Fly out, F7 (Flyball, 7LS)
|
Top of the 6th over - 0 runs, 0 hits, 0 errors, 0 left on base; Athletic Club KC Academy 1 - San Bernardino 2 |
BOTTOM OF THE 6TH |
San Bernardino Grasshoppers batting - Pitching for Athletic Club KC Academy : LHP Ben Walker
|
Batting: RHB Reinaart Manshert
|
0-0: Ball 1-0: Called Strike 1-1: Foul Ball, location: 2F 1-2: Strikes out swinging, 2-3 out at first.
|
Batting: RHB Apu Nahasapeemapetilon
|
0-0: Ball 1-0: Called Strike 1-1: Foul Ball, location: 2F 1-2: Foul Ball, location: 2F 1-2: Foul Ball, location: 2F 1-2: Foul Ball, location: 2F 1-2: Ground out 5-3 (Groundball, 56)
|
Batting: LHB Travis Towns
|
0-0: Ball 1-0: Called Strike 1-1: Swinging Strike 1-2: Fly out, F3 (Line Drive, 34)
|
Bottom of the 6th over - 0 runs, 0 hits, 0 errors, 0 left on base; Athletic Club KC Academy 1 - San Bernardino 2 |
TOP OF THE 7TH |
Athletic Club KC Academy batting - Pitching for San Bernardino Grasshoppers : RHP Edo Culley
|
Batting: RHB David Lozano
|
0-0: Ball 1-0: Ball 2-0: SINGLE (Line Drive, 4M)
|
Batting: RHB Mario Truxillo
|
0-0: Sac Bunt - play at first, batter safe! David Lozano to second
|
Batting: RHB Ted Hansen
|
0-0: Called Strike 0-1: Foul Ball, location: 2F 0-2: Ball 1-2: Strikes out swinging
|
Batting: LHB Jason Ward
|
0-0: Called Strike 0-1: Swinging Strike 0-2: Ball 1-2: Strikes out swinging
|
Batting: RHB Travis Murphy
|
0-0: Swinging Strike 0-1: Ball 1-1: SINGLE (Groundball, 34D) David Lozano to third Mario Truxillo to second Runner from 3rd tries for Home, SAFE, no throw
|
Batting: RHB John Ricks
|
0-0: Ball 1-0: Fly out, F5 (Line Drive, 5)
|
Top of the 7th over - 1 run, 3 hits, 0 errors, 2 left on base; Athletic Club KC Academy 2 - San Bernardino 2 |
BOTTOM OF THE 7TH |
San Bernardino Grasshoppers batting - Pitching for Athletic Club KC Academy : LHP Ben Walker
|
Batting: RHB Howard Lee
|
0-0: Swinging Strike 0-1: Ball 1-1: Foul Ball, location: 2F 1-2: Foul Ball, location: 2F 1-2: SINGLE (Line Drive, 6D)
|
Pitching: RHP Alberto Ortíz
|
|
Batting: LHB Jesús Hernández
|
0-0: Bunted foul 0-1: Sac Bunt - play at first, batter OUT! 1-4 Howard Lee to second
|
Batting: LHB Weston Doyle
|
0-0: Intentional Walk
|
Pinch Runner at 2nd Joe Ellison:
|
|
Pinch Hitting: LHB Matt Ouweneel
|
0-0: Ball 1-0: Ball 2-0: Fly out, F5 (Popup, 56)
|
Batting: RHB John Clark
|
0-0: Called Strike 0-1: Ball 1-1: Swinging Strike 1-2: Ball 2-2: Ball 3-2: Strikes out looking
|
Bottom of the 7th over - 0 runs, 1 hit, 0 errors, 2 left on base; Athletic Club KC Academy 2 - San Bernardino 2 |
TOP OF THE 8TH |
Athletic Club KC Academy batting - Pitching for San Bernardino Grasshoppers : RHP Edo Culley
|
Pitching: RHP Marcos Mesorana
|
|
Now at C: Ángelo Díaz
|
|
Now at 2B: Arthur Coonse
|
|
Batting: RHB Jihan Tuah
|
0-0: Ball 1-0: Called Strike 1-1: Called Strike 1-2: Foul Ball, location: 2F 1-2: Strikes out swinging
|
Batting: RHB Jon Hall
|
0-0: Ball 1-0: Ball 2-0: Foul Ball, location: 2F 2-1: Ball 3-1: Fly out, F5 (Popup, 5)
|
Batting: RHB Wilton Banks
|
0-0: Ball 1-0: Foul Ball, location: 2F 1-1: Ball 2-1: Foul Ball, location: 2F 2-2: Fly out, F7 (Flyball, 7S)
|
Top of the 8th over - 0 runs, 0 hits, 0 errors, 0 left on base; Athletic Club KC Academy 2 - San Bernardino 2 |
BOTTOM OF THE 8TH |
San Bernardino Grasshoppers batting - Pitching for Athletic Club KC Academy : RHP Alberto Ortíz
|
Batting: RHB Louie Trimboli
|
0-0: Ball 1-0: Foul Ball, location: 2F 1-1: Ground out 6-3 (Groundball, 6S)
|
Batting: RHB Reinaart Manshert
|
0-0: Called Strike 0-1: Swinging Strike 0-2: Strikes out swinging
|
Batting: RHB Apu Nahasapeemapetilon
|
0-0: Called Strike 0-1: Ball 1-1: Ball 2-1: SINGLE (Flyball, 7LS)
|
Batting: LHB Travis Towns
|
0-0: Foul Ball, location: 2F 0-1: Called Strike 0-2: Foul Ball, location: 2F 0-2: Ball 1-2: Ground out 5-3 (Groundball, 56S)
|
Bottom of the 8th over - 0 runs, 1 hit, 0 errors, 1 left on base; Athletic Club KC Academy 2 - San Bernardino 2 |
TOP OF THE 9TH |
Athletic Club KC Academy batting - Pitching for San Bernardino Grasshoppers : RHP Marcos Mesorana
|
Pitching: RHP Rafael Bernal
|
|
Batting: RHB David Lozano
|
0-0: Foul Ball, location: 2F 0-1: Foul Ball, location: 2F 0-2: Strikes out swinging
|
Batting: RHB Mario Truxillo
|
0-0: Called Strike 0-1: Ball 1-1: Called Strike 1-2: Ground out 5-3 (Groundball, 56)
|
Batting: RHB Ted Hansen
|
0-0: SINGLE (Line Drive, 34)
|
Batting: LHB Jason Ward
|
0-0: Swinging Strike 0-1: Ball 1-1: Ball 2-1: Foul Ball, location: 2F 2-2: Strikes out swinging
|
Top of the 9th over - 0 runs, 1 hit, 0 errors, 1 left on base; Athletic Club KC Academy 2 - San Bernardino 2 |
BOTTOM OF THE 9TH |
San Bernardino Grasshoppers batting - Pitching for Athletic Club KC Academy : RHP Alberto Ortíz
|
Pitching: RHP Oliver Vázquez
|
|
Batting: RHB Arthur Coonse
|
0-0: Ground out 4-3 (Groundball, 4)
|
Batting: LHB Jesús Hernández
|
0-0: Ball 1-0: Foul Ball, location: 2F 1-1: Ball 2-1: Foul Ball, location: 2F 2-2: Strikes out swinging
|
Batting: LHB Weston Doyle
|
0-0: Ball 1-0: Swinging Strike 1-1: Ball 2-1: Ball 3-1: Foul Ball, location: 2F 3-2: Fly out, F7 (Flyball, 7LS)
|
Bottom of the 9th over - 0 runs, 0 hits, 0 errors, 0 left on base; Athletic Club KC Academy 2 - San Bernardino 2 |
TOP OF THE 10TH |
Athletic Club KC Academy batting - Pitching for San Bernardino Grasshoppers : RHP Rafael Bernal
|
Batting: RHB Travis Murphy
|
0-0: Ball 1-0: Ball 2-0: Called Strike 2-1: Swinging Strike 2-2: Foul Ball, location: 2F 2-2: SINGLE (Flyball, 78M)
|
Batting: RHB John Ricks
|
0-0: Fly out, F8 (Flyball, 8RS)
|
Batting: RHB Jihan Tuah
|
0-0: Ball 1-0: Ball 2-0: Ball 3-0: Called Strike 3-1: Base on Balls Travis Murphy to second
|
Batting: RHB Jon Hall
|
0-0: Ground out 3-1 (Groundball, 34S) Travis Murphy to third Jihan Tuah to second
|
Batting: RHB Wilton Banks
|
0-0: Foul Ball, location: 2F 0-1: Foul Ball, location: 2F 0-2: Strikes out swinging
|
Top of the 10th over - 0 runs, 1 hit, 0 errors, 2 left on base; Athletic Club KC Academy 2 - San Bernardino 2 |
BOTTOM OF THE 10TH |
San Bernardino Grasshoppers batting - Pitching for Athletic Club KC Academy : RHP Oliver Vázquez
|
Batting: RHB Ángelo Díaz
|
0-0: Fly out, F8 (Flyball, 8RS)
|
Batting: RHB John Clark
|
0-0: Ball 1-0: SINGLE (Flyball, 9LS)
|
Batting: RHB Louie Trimboli
|
0-0: Ball 1-0: Ball 2-0: Called Strike 2-1: Called Strike 2-2: Strikes out swinging
|
Batting: RHB Reinaart Manshert
|
0-0: Fly out, F6 (Flyball, 6MD)
|
Bottom of the 10th over - 0 runs, 1 hit, 0 errors, 1 left on base; Athletic Club KC Academy 2 - San Bernardino 2 |
TOP OF THE 11TH |
Athletic Club KC Academy batting - Pitching for San Bernardino Grasshoppers : RHP Rafael Bernal
|
Pitching: LHP Júlio Romero
|
|
Batting: RHB David Lozano
|
0-0: Foul Ball, location: 2F 0-1: Foul Ball, location: 2F 0-2: Ball 1-2: Strikes out swinging, 2-3 out at first.
|
Batting: RHB Mario Truxillo
|
0-0: Ball 1-0: Called Strike 1-1: Ball 2-1: DOUBLE (Line Drive, 7LM)
|
Batting: RHB Ted Hansen
|
0-0: Intentional Walk
|
Batting: LHB Jason Ward
|
0-0: Called Strike Mario Truxillo steals 3rd base Ted Hansen to second 0-1: Ground out 4-3 (Groundball, 4MD)
|
Batting: RHB Travis Murphy
|
0-0: Ball 1-0: SINGLE (Groundball, 56S) (infield hit) Mario Truxillo scores Ted Hansen to third
|
Batting: RHB John Ricks
|
0-0: Ball 1-0: Called Strike 1-1: Ball 2-1: Foul Ball, location: 2F 2-2: SINGLE (Line Drive, 6MD) Ted Hansen scores Travis Murphy to second Runner from 2nd tries for 3rd, SAFE, no throw
|
Batting: RHB Jihan Tuah
|
0-0: Ball 1-0: Fly out, F7 (Flyball, 7)
|
Top of the 11th over - 2 runs, 3 hits, 0 errors, 2 left on base; Athletic Club KC Academy 4 - San Bernardino 2 |
BOTTOM OF THE 11TH |
San Bernardino Grasshoppers batting - Pitching for Athletic Club KC Academy : RHP Oliver Vázquez
|
Pitching: RHP César Muńóz
|
|
Now at SS: Gabriel Camparán
|
|
Batting: RHB Apu Nahasapeemapetilon
|
0-0: Ball 1-0: Fly out, F9 (Flyball, 89D)
|
Batting: LHB Travis Towns
|
0-0: Foul Ball, location: 2F 0-1: Called Strike 0-2: Ball 1-2: Fly out, F9 (Flyball, 89M)
|
Batting: RHB Arthur Coonse
|
0-0: Ground out 5-3 (Groundball, 5S)
|
Bottom of the 11th over - 0 runs, 0 hits, 0 errors, 0 left on base; Athletic Club KC Academy 4 - San Bernardino 2 |
|